 Dungeon Crawl Stone Soup version 0.29-a0-925-g0a7a3d12f8 (webtiles) character file.

Game seed: 751045644071725931

336 Malachi the Ruffian (level 6, -4/53 HPs)
             Began as a Troll Earth Elementalist on July 29, 2022.
             Slain by a gnoll
             ... wielding a +0 spear
              (7 damage)
             ... on level 4 of the Dungeon.
             The game lasted 00:02:33 (1839 turns).

Malachi the Ruffian (Troll Earth Elementalist)      Turns: 1839, Time: 00:02:33

Health: -4/53      AC:  4    Str: 17 (19) XL:     6   Next: 28%
Magic:  6/6        EV:  9    Int:  8 (11) God:
Gold:   117        SH:  0    Dex:  7 (10) Spells: 6/7 levels left

rFire   . . .      SeeInvis .     - Unarmed
rCold   . . .      Faith    .   (no shield)
rNeg    . . .      Spirit   .   a - +0 robe
rPois   .          Reflect  .   (helmet restricted)
rElec   .          Harm     .   (no cloak)
rCorr   .          Rampage  .   (gloves unavailable)
Will    .....                   (boots unavailable)
Stlth   +.........              (no amulet)
HPRegen 0.97/turn               (no ring)
MPRegen 0.10/turn               (no ring)

@: brilliant
A: large, unfitting armour, claws 3, regeneration 1, shaggy fur 1, tough skin 1
a: no special abilities


You were on level 4 of the Dungeon.
You visited 1 branch of the dungeon, and saw 4 of its levels.

You collected 117 gold pieces.

Inventory:

Armour
 a - a +0 robe (worn)
Jewellery
 o - a ring of fire
 r - a +4 ring of slaying
Scrolls
 c - a scroll of noise {unknown}
 d - 2 scrolls of amnesia {unknown}
 e - a scroll of blinking {unknown}
 g - a scroll of identify {unknown}
 h - a scroll of silence {unknown}
 k - a scroll of teleportation {unknown}
 m - a scroll of butterflies {unknown}
 q - a scroll of poison {unknown}
Potions
 b - a potion of magic


   Skills:
 - Level 1.5 Dodging
 - Level 1.0 Stealth
 + Level 6.3 Unarmed Combat
 - Level 1.2 Spellcasting
 - Level 0.6 Transmutations
 - Level 2.6 Earth Magic


You had 6 spell levels left.
You knew the following spells:

 Your Spells              Type           Power      Damage    Failure   Level
a - Sandblast             Erth           14%        2d6       13%         1

Your spell library contained the following spells:

 Spells                   Type           Power      Damage    Failure   Level
 Passwall                 Tmut/Erth      3%         N/A       30%         2
 Magic Dart               Conj           0%         1d3       36%         1
 Call Imp                 Summ           0%         N/A       52%         2
 Searing Ray              Conj           0%         2d4       52%         2
 Stone Arrow              Conj/Erth      6%         3d7       56%         3
 Mephitic Cloud           Conj/Pois/Air  0%         N/A       75%         3
 Petrify                  Tmut/Erth      4%         N/A       89%         4
 Fulminant Prism          Conj/Hex       0%         3d6       98%         4


Dungeon Overview and Level Annotations

Branches:
Dungeon (3/15)

Altars:


Innate Abilities, Weirdness & Mutations

You are too large for most types of armour.
You have claws for hands.
Your natural rate of healing is unusually fast.
You are covered in fur. (AC +1)
You have tough skin. (AC +1)


Message History

You are frozen.
* * * LOW HITPOINT WARNING * * *
The gnoll hits you but does no damage. x2
The giant cockroach bites you but does no damage.
You smack the endoplasm!
You kill the endoplasm!
The gnoll hits you but does no damage. The gnoll completely misses you.
The giant cockroach bites you but does no damage.
You pummel the gnoll!!
You kill the gnoll!
The gnoll hits you but does no damage.
The giant cockroach bites you but does no damage.
You barely miss the giant cockroach. You punch the giant cockroach.
You kill the giant cockroach!
The gnoll hits you from afar with a +0 spear.
* * * LOW HITPOINT WARNING * * *
It was a potion of degeneration.
There was something very wrong with that liquid.
You feel weakened.
You feel dopey.
You feel clumsy.
The gnoll hits you from afar with a +0 spear.
* * * LOW HITPOINT WARNING * * *
It was a potion of invisibility.
You fade into invisibility!
The gnoll hits you but does no damage.
It was a potion of might.
You feel very mighty all of a sudden.
The gnoll hits you from afar with a +0 spear.
* * * LOW HITPOINT WARNING * * *
It was a potion of cancellation.
Your magical effects are unravelling.
You feel magically purged.
You feel less wooden.
Your +0 robe unmelds from your body.
You flicker back into view.
You feel a little less mighty now.
The gnoll hits you from afar with a +0 spear.
* * * LOW HITPOINT WARNING * * *
It was a potion of brilliance.
You feel clever all of a sudden.
The gnoll hits you from afar with a +0 spear!
You die...

................#
................#
#..#...##.####..##
#.##...##†#######
#.......#....#
#.......#....#
#.......#g...#
........#†...#
###....#@)#.##
###########


You could see a gnoll.

Vanquished Creatures
  A jelly (D:4)
  A hound (D:3)
  Natasha (thrice) (D:2)
  An orc wizard (D:3)
  3 adders
  7 gnolls
  7 dart slugs
  3 orcs (D:3)
  7 endoplasms
  3 giant cockroaches
  2 goblins (D:1)
  6 hobgoblins
  2 quokkas (D:1)
  6 ball pythons
  4 bats
  4 frilled lizards
  8 kobolds
  6 rats
74 creatures vanquished.

Notes
Turn   | Place    | Note
-------+----------+-------------------------------------------
     0 | D:1      | Malachi the Troll Earth Elementalist began the quest for
                  | the Orb.
     0 | D:1      | Reached XP level 1. HP: 16/16 MP: 1/1
    36 | D:1      | Reached skill level 1 in Unarmed Combat
   114 | D:1      | Reached XP level 2. HP: 24/24 MP: 2/2
   210 | D:1      | Reached skill level 2 in Unarmed Combat
   490 | D:1      | Reached XP level 3. HP: 31/31 MP: 3/3
   593 | D:1      | Found a faded altar of an unknown god.
   787 | D:2      | Reached skill level 3 in Unarmed Combat
   795 | D:2      | Noticed Natasha
   797 | D:2      | Killed Natasha
   798 | D:2      | Reached XP level 4. HP: 39/39 MP: 4/4
   804 | D:2      | Noticed Natasha
   821 | D:2      | Reached skill level 4 in Unarmed Combat
   831 | D:2      | Killed Natasha
   838 | D:2      | Reached XP level 5. HP: 42/45 MP: 5/5
   970 | D:2      | Noticed Natasha
   980 | D:2      | Killed Natasha
   981 | D:2      | Reached skill level 5 in Unarmed Combat
  1645 | D:3      | Reached XP level 6. HP: 49/53 MP: 6/6
  1796 | D:3      | You fall into a shaft and drop 1 floor!
  1808 | D:4      | Reached skill level 6 in Unarmed Combat
  1837 | D:4      | HP: 3/79 [gnoll/+0 spear (4)]
  1839 | D:4      | Slain by a gnoll

Illustrated notes

Levels and vault maps discovered:
D:1:      lightli_molten_gateway, layout_basic, serial_rivers,
          chequers_serial_rivers_large_a, chequers_serial_rivers_small_b,
          chequers_serial_rivers_small_a, chequers_serial_rivers_marsh,
          chequers_serial_rivers_micro_c, chequers_serial_rivers_room_b,
          shapermc_ecumenical_altar_totnotflames
D:2:      layout_rooms, hangedman_decor_slide_cut, dk_noncrumbling_2,
          minmay_misc_feat_square, uniq_natasha
D:3:      layout_rooms, hangedman_decor_diamond_cutter
D:4:      layout_gridville, gup_sewer_entry_glass, kennysheep_generic_room_10,
          uniq_robin

Skill      XL: |  1  2  3  4  5  6 |
---------------+-------------------+-----
Unarmed Combat | 1 2 3 4 5 6 |  6.3
Dodging        | |  1.5
Stealth        | |  1.0
Spellcasting   | |  1.2
Transmutations | |  0.6
Earth Magic    | |  2.6

Action                   |  1- 3 |  4- 6 || total
-------------------------+-------+-------++-------
Melee: Unarmed           |    63 |   123 ||   186
       Punch             |     1 |     4 ||     5
  Use: Potion            |       |     6 ||     6
 Stab: Sleeping          |     4 |     6 ||    10
Armor: Robe              |    10 |    53 ||    63
       Skin              |       |     9 ||     9
Dodge: Dodged            |    23 |    68 ||    91

Table legend: (Time is in decaauts)
 A = Elapsed time spent in this place.
 B = Non-inter-level travel time spent in this place.
 C = Inter-level travel time spent in this place.
 D = Time resting spent in this place.
 E = Time spent auto-exploring this place.
 F = Levels seen in this place.
 G = Mean time per level.
                   A        B        C        D        E       F      G
               +--------+--------+--------+--------+--------+-----+--------+
         Total |   1837 |   1694 |    143 |      0 |   1255 |   4 |  459.2 |
       Dungeon |   1837 |   1694 |    143 |      0 |   1255 |   4 |  459.2 |
               +--------+--------+--------+--------+--------+-----+--------+

Top non-repeatable levels by time:
     D:1: 829 daAuts
     D:2: 609 daAuts
     D:3: 358 daAuts
     D:4: 40 daAuts
